 Dungeon Crawl Stone Soup version 0.22-a0-253-gf9d0ce5 (webtiles) character file.

18 Firecrotchwizard the Slasher (level 2, 0/24 HPs)
             Began as a Demonspawn Berserker on Mar 3, 2018.
             Was a Follower of Trog.
             Slain by Sigmund
             ... wielding a +0 scythe
              (5 damage)
             ... on level 2 of the Dungeon.
             The game lasted 00:01:49 (860 turns).

Firecrotchwizard the Slasher (Demonspawn Berserker)  Turns: 860, Time: 00:01:49

Health: 0/24       AC:  7    Str: 17    XL:     2   Next: 48%
Magic:  2/2        EV: 11    Int:  8    God:    Trog [*.....]
Gold:   29         SH:  0    Dex: 12    Spells: 1/1 levels left

rFire    . . .     SeeInvis .   a - +0 falchion
rCold    . . .     Gourm    .   (no shield)
rNeg     . . .     Faith    .   h - +0 ring mail
rPois    .         Spirit   .   (no helmet)
rElec    .         Reflect  .   (no cloak)
rCorr    .         Harm     .   (no gloves)
MR       .....                  (no boots)
Stlth    ..........             (no amulet)
HPRegen  0.08/turn              (no ring)
MPRegen  0.08/turn              (no ring)

@: confused, berserk cooldown, slowed, very slow
A: slimy green scales 1
a: Berserk, Renounce Religion


You were on level 2 of the Dungeon.
You worshipped Trog.
Trog was aware of your devotion.
You were hungry.

You visited 1 branch of the dungeon, and saw 2 of its levels.

You collected 29 gold pieces.

Inventory:

Hand Weapons
 a - a +0 falchion (weapon)
Armour
 b - a +0 animal skin
 h - a +0 ring mail (worn)
   (You found it on level 1 of the Dungeon)
Scrolls
 d - 2 scrolls of identify {unknown}
 e - a scroll of noise {unknown}
 g - 2 scrolls of teleportation {unknown}
 j - a scroll of remove curse {unknown}
Potions
 i - a potion of heal wounds {unknown}
Comestibles
 c - a ration {@e1}


   Skills:
 + Level 3.2 Fighting
 * Level 3.3 Long Blades
 - Level 1.7 Armour
 - Level 1.7 Dodging


You had one spell level left.
You didn't know any spells.

Dungeon Overview and Level Annotations

Branches:
Dungeon (2/15)

Altars:

Annotations:
D:2 Sigmund


Innate Abilities, Weirdness & Mutations

You are partially covered in slimy green scales. (AC +2)


Message History

The frilled lizard closely misses you.
You slash the frilled lizard!
You kill the frilled lizard!
Trog accepts your kill. The ball python barely misses you.
You riposte.
You slash the ball python!
You kill the ball python!
Trog accepts your kill.
No target in view!
No target in view!
j - a scroll labeled NAEMOUVURUK No target in view!
Done exploring.
Done exploring.
(D) Dungeon
Where to? (Enter - D:1 @ (x,y), ? - help) All of the chunks of flesh in your inventory have rotted away.
There is a stone staircase leading down here.
You climb downwards.
Sigmund the Dreaded comes into view.
He is wielding a scythe.
Sigmund shouts!
Found a scroll labeled NYAGECZAAL and a scroll labeled NAEMOUVURUK.
Found a stone staircase leading up.
There is a stone staircase leading up here.
Okay, then.
Sigmund gestures at you while chanting. The magic dart hits you!
You climb upwards.
There is a stone staircase leading down here.
You take 5 damage, and have 19/24 hp.
MASSIVE DAMAGE!!
You start resting.
Health restored: 24
There is a stone staircase leading down here.
A red film seems to cover your vision as you go berserk!
You feel yourself moving faster!
You feel mighty!
You are feeling hungry.
You now have 36/36 hp.
You feel a strong urge to attack something.
You climb downwards.
Level annotation: Sigmund
There is a stone staircase leading up here.
You feel your anger nearly subside.
You are no longer berserk.
You are exhausted.
You feel yourself slow down. Sigmund completely misses you.
You now have 24/24 hp.
You hit Sigmund. Sigmund hits you with a scythe.
You take 4 damage, and have 20/24 hp.
You barely miss Sigmund. Sigmund hits you but does no damage.
You closely miss Sigmund. Sigmund barely misses you.
You riposte.
You closely miss Sigmund. You closely miss Sigmund. Sigmund closely misses you.
You closely miss Sigmund. Sigmund casts a spell at you.
You are confused.
Sigmund barely misses you.
You hit Sigmund. Sigmund casts a spell at you.
You are more confused.
Sigmund barely misses you. Sigmund hits you with a scythe.
You take 5 damage, and have 16/24 hp.
MASSIVE DAMAGE!!
Sigmund hits you from afar with a scythe.
You take 6 damage, and have 10/24 hp.
MASSIVE DAMAGE!!
Sigmund hits you but does no damage. Sigmund hits you but does no damage.
Unknown command.
Sigmund misses you.
You feel less confused.
Sigmund casts a spell.
Sigmund flickers and vanishes!
Deactivating autopickup; reactivate with Ctrl-A.
Something hits you.
Unknown command.
You take 1 damage, and have 10/24 hp.
You hear some strange, mumbled words.
Something tries to affect you, but you resist.
Something hits you but does no damage.
Unknown command.
Something completely misses you.
There is a shaft here.
A magic dart appears from out of thin air!
The magic dart hits you!
A magic dart appears from out of thin air!
The magic dart hits you!
* * * LOW HITPOINT WARNING * * *
You take 6 damage, and have 4/24 hp.
MASSIVE DAMAGE!!
You hear some strange, mumbled words.
Something tries to affect you, but you resist.
You hear some strange, mumbled words.
You are confused.
There is a stone staircase leading up here.
You hear some strange, mumbled words.
Something tries to affect you, but you resist.
Something hits you.
You die...

................
......?.........
...#............
..............#
..............#
....#........##
...##.{......##
.. #..^.......#
# #...@......#
#..........#
#..........#
#..........#
##<.......##
##...?..##
########


There were no monsters in sight!

Vanquished Creatures
  A dart slug (D:1)
  A giant cockroach (D:1)
  4 goblins (D:1)
  3 hobgoblins (D:1)
  A ball python (D:1)
  A bat (D:1)
  2 frilled lizards (D:1)
  2 kobolds (D:1)
15 creatures vanquished.

Notes
Turn   | Place    | Note
-------+----------+-------------------------------------------
     0 | D:1      | Firecrotchwizard the Demonspawn Berserker began the quest for the Orb.
     0 | D:1      | Reached XP level 1. HP: 18/18 MP: 1/1
   194 | D:1      | Reached skill level 3 in Long Blades
   253 | D:1      | Gained mutation: You are partially covered in slimy green scales. (AC +2) [demonic ancestry]
   253 | D:1      | Reached XP level 2. HP: 24/24 MP: 2/2
   705 | D:2      | Noticed Sigmund
   857 | D:2      | HP: 4/24 [something/magic dart (6)]
   860 | D:2      | Slain by Sigmund

Vault maps used:
D:1:      elethiomel_arrival_shortcut, minmay_domino_4
D:2:      first_ration, uniq_terence, uniq_sigmund

Skill      XL: |  1 |
---------------+----+-----
Long Blades    | 3 |  3.3
Fighting       | |  3.2
Armour         | |  1.7
Dodging        | |  1.7

Action                   || total
-------------------------++-------
Melee: Falchion          ||    43
Invok: Berserk           ||     1
Armor: Animal skin       ||     6
       Ring mail         ||     8
Dodge: Dodged            ||    30
       Rpst.: Falchion   ||     7

Table legend:
 A = Spawn XP
 B = Non-spawn XP
 C = Spawn XP percentage of total XP
 D = Spawn monster count
 E = Non-spawn monster count
 F = Spawn count percentage of total count
 G = Total turns spent on level
                    A         B        C        D         E        F      G
               +---------+---------+-------+---------+---------+-------+---------
         Total |       0 |      26 |   0.0 |       0 |      15 |   0.0 |   860
               +---------+---------+-------+---------+---------+-------+---------
           D:1 |       0 |      26 |   0.0 |       0 |      15 |   0.0 |   834
               +---------+---------+-------+---------+---------+-------+---------

Vault maps used:
D:1:      elethiomel_arrival_shortcut, minmay_domino_4
D:2:      first_ration, uniq_terence, uniq_sigmund

Table legend:
 A = Turns spent in this place as a percentage of turns spent in the entire game.
 B = Non-inter-level travel turns spent in this place as a percentage of non-inter-level travel turns spent in the entire game.
 C = Inter-level travel turns spent in this place as a percentage of turns spent in this place.
 D = Turns resting spent in this place as a percentage of non-inter-level travel turns spent in this place.
 E = Turns spent auto-exploring this place as a percentage of non-inter-level travel turns spent in this place.
 F = Non-inter-level travel turns spent in this place divided by the number of levels of this place that you've seen.
                   A       B       C       D       E      F
               +-------+-------+-------+-------+-------+----------------------
         Total | 100.0 | 100.0 |  11.7 |  32.4 |  49.3 | 379.5
       Dungeon | 100.0 | 100.0 |  11.7 |  32.4 |  49.3 | 379.5
               +-------+-------+-------+-------+-------+----------------------

Table legend:
 A = Kills in this place as a percentage of kills in entire the game.
 B = Kills by you in this place as a percentage of kills by you in the entire game.
 C = Kills by friends in this place as a percentage of kills by friends in the entire game.
 D = Other kills in this place as a percentage of other kills in the entire game.
 E = Experience gained in this place as a percentage of experience gained in the entire game.
 F = Experience gained in this place divided by the number of levels of this place that you have seen.
                   A       B       C       D       E      F
               +-------+-------+-------+-------+-------+----------------------
         Total | 100.0 | 100.0 |   N/A |   N/A | 100.0 |  13.0
       Dungeon | 100.0 | 100.0 |   N/A |   N/A | 100.0 |  13.0
               +-------+-------+-------+-------+-------+----------------------
